 Dungeon Crawl Stone Soup version 0.30.1-3-gfc49f6343a (webtiles) character file.

Game seed: 6246365771534011460

177 Almogavar the Conjurer (level 5, -15/39 HPs)
             Began as a Draconian Conjurer on July 30, 2023.
             Killed by an exploding Robin (32 damage)
             ... ignited by their inner flame
             ... on level 3 of the Dungeon.
             The game lasted 00:11:41 (2929 turns).

Almogavar the Conjurer (Draconian Conjurer)         Turns: 2929, Time: 00:11:43

Health: -15/39     AC:  5    Str:  9    XL:     5   Next: 30%
Magic:  7/9        EV: 12    Int: 20    God:
Gold:   68         SH:  0    Dex: 10    Spells: 4/10 levels left

rFire   . . .        n - +0 dagger (drain)
rCold   . . .        (no shield)
rNeg    + . .        (body armour unavailable)
rPois   .            (helmet restricted)
rElec   .            (no cloak)
rCorr   .            (no gloves)
SInv    .            (no boots)
Will    .....        (no amulet)
Stlth   ++           j - ring of positive energy
HPRegen 0.26/turn    (no ring)
MPRegen 0.11/turn

%: no passive effects
@: weak-willed
A: AC +5, unfitting armour, cold-blooded
a: no special abilities


You were on level 3 of the Dungeon.
You visited 1 branch of the dungeon, and saw 3 of its levels.

You collected 68 gold pieces.

Inventory:

Hand Weapons
 n - a +0 dagger of draining (weapon)
Jewellery
 e - a ring of fire
 j - a ring of positive energy (left hand)
Scrolls
 g - a scroll of vulnerability
 h - 2 scrolls of magic mapping
 l - 2 scrolls of immolation
Potions
 b - a potion of haste {unknown}
 c - a potion of might
 k - a potion of mutation {unknown}
 m - a potion of curing {unknown}


   Skills:
 + Level 0.6 Fighting
 + Level 2.2 Dodging
 + Level 2.2 Stealth
 + Level 3.0 Spellcasting
 + Level 5.6 Conjurations


You had 4 spell levels left.
You knew the following spells:

 Your Spells              Type           Power      Damage    Failure   Level
a - Magic Dart            Conj           100%       1d8       1%          1
b - Searing Ray           Conj           50%        2d6       2%          2
c - Dazzling Flash        Conj/Hex       28%        N/A       14%         3

Your spell library contained the following spells:

 Spells                   Type           Power      Damage    Failure   Level
 Vhi's Electric Charge    Tloc/Air       6%         N/A       38%         3
 Fulminant Prism          Conj/Hex       7%         3d7       41%         4
 Iskenderun's Mystic Bla  Conj/Tloc      14%        2d5       41%         4
 Arcjolt                  Conj/Air       7%         1d17      77%         5
 Plasma Beam              Fire/Air       1%         2x1d12    100%        6


Dungeon Overview and Level Annotations

Branches:
Dungeon (3/15)

Altars:


Innate Abilities, Weirdness & Mutations

Your plain brown scales are hard. (AC +5)
You cannot fit into any form of body armour.
You are cold-blooded and may be slowed by cold attacks.


Message History

As you read the scroll labelled HAGGIY TEOF KYPLOK, it crumbles to dust.
Magic quickly surges around you.
It was a scroll of vulnerability.
Robin says, "Feeling lonely?"
As you read the scroll labelled UFAJIR FAFAUXA, it crumbles to dust.
It is a scroll of enchant armour.
You aren't carrying any armour which can be enchanted further.
The hobgoblin hits you.
As you read the scroll labelled IHEKHL KULUNKU, it crumbles to dust.
It is a scroll of amnesia.
Really abort (and waste the scroll)? [Y]es or [N]o only, please.
Really abort (and waste the scroll)?
Okay, then.
The hobgoblin closely misses you. The hobgoblin barely misses you.
Robin attacks as you move away! Robin hits you with a +0 short sword.
Casting: Magic Dart (safe; 1% risk of failure)
Confirm with . or Enter, or press ? or * to list all spells.
Aiming: Magic Dart (safe; 1% risk of failure)
Press: ? - help, Shift-Dir - straight line, p - hobgoblin The magic dart hits Robin but does no damage.
The hobgoblin no longer looks unusually strong.
The hobgoblin hits you but does no damage.
Unknown command.
Magic courses through your body. Robin closely misses you.
The hobgoblin closely misses you.
The hobgoblin hits you but does no damage.
Casting: Magic Dart (safe; 1% risk of failure)
Confirm with . or Enter, or press ? or * to list all spells.
Aiming: Searing Ray (safe; 2% risk of failure)
Press: ? - help, Shift-Dir - straight line, f - Robin
Aim: Robin, wielding a +0 short sword, wearing a +0 animal skin and wearing a +0 helmet (inner flame, weak-willed, 85% to hit)
The searing ray hits Robin.
Flame seeps out of Robin.
Robin is moderately wounded. (Press . to maintain the ray.) Robin is engulfed in blazing flames.
Robin explodes!
The fiery explosion engulfs the hobgoblin!!!
The fiery explosion engulfs you!!
Ouch! That really hurt!
You die...

.......#
.......######
...........†###
..#########...###
.#* ###≈≈...≈≈###
**#####≈≈≈≈...≈≈≈≈##
##≈≈≈≈≈≈##'''##≈≈≈#
##≈≈≈≈≈≈≈#.....#≈≈≈#
#≈≈≈.....#.....#@gg#
#≈≈......#.....#○§)#
#≈≈..##'##.....##§##
#≈≈..#...#.....#...#
#≈≈..#...#.....#.).#
#≈≈..#.).#)....#.).#
#≈≈..##'##....)##)##
#≈≈...#..).........#
#≈≈...#..).........#


You could see 2 hobgoblins.

Vanquished Creatures
  Jessica (D:2)
  Terence (D:2)
  Robin (D:3)
  4 adders
  A gnoll (D:1)
  3 dart slugs
  7 endoplasms
  4 giant cockroaches
  14 goblins
  9 hobgoblins
  3 jackals (D:3)
  5 kobolds
  3 quokkas
  6 ball pythons
  5 bats
  5 frilled lizards
  5 rats
77 creatures vanquished.

Notes
Turn   | Place    | Note
-------+----------+-------------------------------------------
     0 | D:1      | Almogavar the Draconian Conjurer began the quest for the
                  | Orb.
     0 | D:1      | Reached XP level 1. HP: 14/14 MP: 3/3
   325 | D:1      | Reached XP level 2. HP: 20/20 MP: 3/5
   922 | D:1      | Reached XP level 3. HP: 13/26 MP: 2/6
   991 | D:1      | Learned a level 2 spell: Searing Ray
  1460 | D:2      | Noticed Terence
  1465 | D:2      | Killed Terence
  1466 | D:2      | Reached skill level 5 in Conjurations
  1466 | D:2      | Reached XP level 4. HP: 34/34 MP: 0/7
  1566 | D:2      | Found a faded altar of an unknown god.
  2263 | D:2      | Noticed Jessica
  2266 | D:2      | Killed Jessica
  2273 | D:2      | Reached XP level 5. HP: 39/39 MP: 3/9
  2628 | D:3      | Learned a level 3 spell: Dazzling Flash
  2896 | D:3      | Noticed Robin
  2929 | D:3      | Killed Robin
  2929 | D:3      | Killed by an exploding Robin... ignited by their inner
                  | flame

Illustrated notes

Levels and vault maps discovered:
D:1:      roderic_chinese_lattice_arrival, layout_loops_cross,
          serial_park_tiny_pond, corexii_corridor_pit, minmay_circled_x
D:2:      layout_loops_ring, shapermc_ecumenical_altar_notcrosses,
          mrwooster_statue_mirror, chequers_serial_rivers_room_a, minmay_puff,
          uniq_jessica, uniq_terence
D:3:      kennysheep_goblin_castle, layout_loops_ring, grunt_ministairs_6,
          uniq_sigmund

Skill      XL: |  1  2  3  4  5 |
---------------+----------------+-----
Dodging        | 2 |  2.2
Stealth        | 2 |  2.2
Conjurations   | 5 |  5.6
Spellcasting   | 3 |  3.0
Fighting       | |  0.6

Action                     |  1- 3 |  4- 6 || total
---------------------------+-------+-------++-------
  Melee: Unarmed           |     8 |       ||     8
         Tailslap          |     5 |     1 ||     6
         Dagger            |    27 |    10 ||    37
   Cast: Magic Dart        |    57 |    50 ||   107
         Searing Ray       |     2 |    10 ||    12
    Use: Scroll            |     3 |     5 ||     8
         Potion            |       |     1 ||     1
   Stab: Sleeping          |       |     3 ||     3
 Armour: Skin              |     9 |    19 ||    28
  Dodge: Dodged            |    20 |    22 ||    42
